 Dungeon Crawl Stone Soup version 0.25-a0-346-g140ab784a8 (webtiles) character file.

Game seed: 8518008810986028223, levelgen mode: deterministic

5534 LordFoom the Thaumaturge (level 10, -1/53 HPs)
             Began as a Deep Elf Wizard on Jan 1, 2020.
             Was a Believer of Sif Muna.
             Slain by a jumping spider (3 damage)
             ... summoned by a worldbinder
             ... on level 2 of the Abyss.
             The game lasted 01:13:18 (13453 turns).

LordFoom the Thaumaturge (Deep Elf Wizard)         Turns: 13453, Time: 01:13:18

Health: -1/53      AC:  7    Str:  6    XL:     10   Next: 43%
Magic:  25/26      EV: 17    Int: 25    God:    Sif Muna [**....]
Gold:   73         SH:  5    Dex: 13    Spells: 18/29 levels left

rFire    + + .     SeeInvis .   a - staff of energy
rCold    + . .     Gourm    .   s - +0 buckler
rNeg     + . .     Faith    .   v - +2 robe {rN+}
rPois    .         Spirit   .   g - +0 helmet
rElec    .         Reflect  .   j - scarf {rC+ rF+}
rCorr    .         Harm     .   o - +0 pair of gloves
MR       +....                  I - +0 pair of boots
Stlth    ++........             (no amulet)
HPRegen  0.17/turn              J - ring of protection from fire
MPRegen  0.20/turn              V - +2 ring of evasion

@: about to teleport
A: no striking features
a: Channel Magic, Renounce Religion


You were on level 2 of the Abyss.
You worshipped Sif Muna.
Sif Muna was pleased with you.
You were not hungry.

You visited 3 branches of the dungeon, and saw 11 of its levels.
You visited the Abyss 1 time.

You collected 563 gold pieces.
You spent 490 gold pieces at shops.

Inventory:

Hand Weapons
 b - a +2 vampiric dagger
 f - a +0 dagger
 B - a +4 dagger of distortion
Missiles
 e - 250 stones (quivered)
Armour
 g - a +0 helmet (worn)
 j - a scarf of resistance (worn)
 o - a +0 pair of gloves (worn)
 s - a +0 buckler (worn)
 v - a +2 robe of positive energy (worn)
 I - a +0 pair of boots (worn)
Magical Staves
 a - an uncursed staff of energy (weapon)
Jewellery
 G - an uncursed ring of see invisible
 J - a ring of protection from fire (left hand)
 V - a +2 ring of evasion (right hand)
Wands
 k - a wand of polymorph (10)
 M - a wand of iceblast (6)
 P - a wand of acid (11)
 Q - a wand of flame (31)
 S - a wand of paralysis (8)
 W - a wand of digging (3)
Scrolls
 h - 2 scrolls of fear {unknown}
 n - 2 scrolls of fog {unknown}
 p - 2 scrolls of enchant weapon
 q - a scroll of immolation {unknown}
 r - 3 scrolls of enchant armour
 u - 5 scrolls of remove curse
 w - a scroll of teleportation
 y - a scroll of magic mapping
 z - 2 scrolls of noise {unknown}
 A - 2 scrolls of amnesia
 H - 2 scrolls of blinking {unknown}
 O - 3 scrolls of identify
Potions
 c - a potion of lignification
 i - 4 potions of curing
 l - 2 potions of cancellation
 m - 2 potions of flight {unknown}
 t - 4 potions of might
 x - 2 potions of haste
 C - 2 potions of berserk rage
 D - 2 potions of degeneration {unknown}
 E - 2 potions of heal wounds
 F - 2 potions of experience {unknown}
 K - a potion of invisibility {unknown}
 L - 2 potions of magic
 R - a potion of mutation {unknown}
 T - a potion of agility
 U - a potion of brilliance
Comestibles
 d - 21 rations
 N - 5 chunks of flesh


   Skills:
 + Level 2.1 Fighting
 - Level 6.0 Dodging
 - Level 3.2 Stealth
 - Level 5.5 Shields
 - Level 10.2 Spellcasting
 - Level 10.2 Conjurations
 - Level 3.1 Summonings
 + Level 2.7 Translocations
 - Level 4.1 Invocations


You had 18 spell levels left.
You knew the following spells:

 Your Spells              Type           Power        Failure   Level  Hunger
a - Magic Dart            Conj           ####         1%          1    None
b - Blink                 Tloc           N/A          2%          2    None
c - Call Imp              Summ           ####....     1%          2    None
d - Mephitic Cloud        Conj/Pois/Air  ####....     3%          3    None
e - Conjure Flame         Conj/Fire      #####...     1%          3    None

Your spell library contained the following spells:

 Spells                   Type           Power        Failure   Level  Hunger
 Slow                     Hex            ##......     8%          2    None


Dungeon Overview and Level Annotations

Branches:
Dungeon (9/15)             Temple (1/1) D:5            Lair (1/6) D:8
    Orc: D:9-12

Altars:
Ashenzari
Cheibriados
Dithmenos
Elyvilon
Fedhas
Gozag
Hepliaklqana
Kikubaaqudgha
Makhleb
Nemelex Xobeh
Okawaru
Qazlal
Ru
Sif Muna
Trog
Uskayaw
Vehumet
Wu Jian
Xom
Yredelemnul
Zin
The Shining One

Shops:
D:4 ?   D:5 %   D:9 !

Annotations:
D:9 Harold
Abyss:2 1 transporter


Message History

The orange demon screeches!
The mana viper changes into a faun!
The thrashing horror completely misses you.
You block the thrashing horror's attack.
The worldbinder calls forth creatures from the Spider Nest!
The thrashing horror closely misses you.
You block the thrashing horror's attack.
The large abomination hits you!!
* * * LOW HITPOINT WARNING * * *
The worldbinder calls forth creatures from the Spider Nest!
A chorus of shrieks assaults your mind.
* * * LOW HITPOINT WARNING * * *
A starcursed mass splits.
The great orb of eyes turns its gaze towards you.
Found an engraved book.
A lurking horror comes into view.
The quasit gives a chilling moan.
The worldbinder calls forth creatures from the Crypt!
The jumping spider pounces on you.
You die... ..... ### # #...# .:## )W###...##..?# #.x##©##...© #.Wp###...# #Gx4©...# #XXXX.#

#X._@X#
##...sX##
#....xXs##
#...###.c.#
).5.##©##..#
.*.##...##s.
#..
#...##."# ##
#.....####
≈.##..


You could see 3 starcursed masses, 2 tentacled starspawn, a great orb of eyes,
an orange demon, a faun shaped shifter, a thrashing horror, 2 large
abominations, a necromancer, 2 worldbinders, 2 wraiths, a jumping spider, 2
tarantellas, a small abomination, a quasit and a lurking horror.

Vanquished Creatures
  A hydra (D:9)
  Pikel (D:4)
  A komodo dragon (Lair:1)
  2 wyverns (D:9)
  2 yaks (D:9)
  2 orc warriors
  A sky beast (D:7)
  2 slaves
  3 ogres
  4 centaurs
  A crocodile (Lair:1)
  4 big kobolds
  4 bullfrogs
  3 crimson imps
  A centaur zombie (D:5)
  A bullfrog zombie (D:5)
  An orc priest (D:8)
  A bullfrog skeleton (D:9)
  3 orc wizards
  2 hounds (D:9)
  Jessica (D:3)
  2 iguanas
  7 worker ants
  A hound zombie (D:6)
  2 hound skeletons
  A howler monkey skeleton (D:8)
  3 gnolls (D:9)
  15 adders
  A shadow imp (D:5)
  An ooze (D:4)
  2 worms (D:2)
  An adder skeleton (D:6)
  5 dart slugs
  3 leopard geckos
  14 orcs
  A ball python (D:1)
  7 bats
  2 giant cockroaches
  6 goblins
  3 hobgoblins
  9 jackals
  7 quokkas
  A ball python skeleton (D:4)
  4 frilled lizards
  10 kobolds
  4 rats
153 creatures vanquished.

Vanquished Creatures (collateral kills)
  Maurice (D:8)
  Grinder (D:3)
  2 dream sheep (D:9)
  Sigmund (D:3)
  Eustachio (D:4)
  Menkaure (D:5)
  A slave (D:5)
  2 ice beasts
  2 black bears
  An ogre (D:5)
  A water moccasin skeleton (D:9)
  2 scorpions
  An electric eel (Lair:1)
  A centaur zombie (D:8)
  2 hounds (D:8)
  An orc priest (D:7)
  A hound zombie (D:3)
  A gnoll (D:9)
  6 orcs
  A giant cockroach (D:8)
  A hobgoblin (D:3)
  A bat (D:3)
32 creatures vanquished.

Vanquished Creatures (others)
  An ogre (D:6)
  An orc wizard (D:6)
  2 adders (D:6)
  A giant cockroach (D:6)
  A jackal (D:6)
  2 fungi (D:8)
8 creatures vanquished.

Grand Total: 193 creatures vanquished

Notes
Turn   | Place    | Note
-------+----------+-------------------------------------------
     0 | D:1      | LordFoom the Deep Elf Wizard began the quest for the Orb.
     0 | D:1      | Reached XP level 1. HP: 10/10 MP: 7/7
   230 | D:1      | Reached XP level 2. HP: 15/15 MP: 5/9
   234 | D:1      | Learned a level 2 spell: Blink
   237 | D:1      | Learned a level 2 spell: Call Imp
   900 | D:2      | Reached XP level 3. HP: 19/19 MP: 5/10
  1107 | D:2      | Learned a level 3 spell: Mephitic Cloud
  1126 | D:2      | Reached XP level 4. HP: 24/24 MP: 2/12
  2285 | D:3      | Reached skill level 5 in Conjurations
  2348 | D:3      | Noticed Sigmund
  2449 | D:4      | Reached XP level 5. HP: 23/28 MP: 3/13
  2610 | D:4      | Learned a level 3 spell: Conjure Flame
  3024 | D:4      | Reached skill level 5 in Spellcasting
  3059 | D:4      | Reached XP level 6. HP: 32/32 MP: 9/15
  3234 | D:4      | Found Vysaps's Magic Scroll Emporium.
  3238 | D:4      | Bought a scroll of remove curse for 30 gold pieces
  3238 | D:4      | Bought a scroll of magic mapping for 35 gold pieces
  3238 | D:4      | Bought a scroll of enchant weapon for 75 gold pieces
  3500 | D:5      | Entered Level 5 of the Dungeon
  3631 | D:5      | Found a staircase to the Ecumenical Temple.
  3631 | D:5      | Noticed Menkaure
  3640 | Temple   | Entered the Ecumenical Temple
  3757 | Temple   | Became a worshipper of Sif Muna the Loreminder
  4139 | D:5      | Found Teewk's Food Shop.
  4192 | D:5      | Noticed a slave
  4239 | D:5      | Killed a slave
  4429 | D:5      | Killed Menkaure
  4572 | D:5      | Noticed a slave
  4572 | D:5      | Noticed a slave
  4572 | D:5      | Noticed Pikel
  4575 | D:5      | Noticed a slave
  4605 | D:4      | Killed a slave
  4911 | D:5      | Reached XP level 7. HP: 36/36 MP: 10/19
  5131 | D:5      | Noticed Eustachio
  5158 | D:4      | Killed Eustachio
  5247 | D:4      | Killed Pikel
  5247 | D:4      | Reached skill level 10 in Spellcasting
  5247 | D:4      | Reached XP level 8. HP: 15/41 MP: 6/24
  5449 | D:4      | Bought a scroll of amnesia for 35 gold pieces
  5852 | D:6      | Reached skill level 1 in Fighting
  6007 | D:3      | Found a faded altar of an unknown god.
  6029 | D:3      | Noticed Jessica
  6035 | D:3      | Killed Jessica
  6198 | D:3      | Noticed Grinder
  6402 | D:3      | Found a burning altar of Makhleb.
  6612 | D:3      | Killed Grinder
  6780 | D:3      | Killed Sigmund
  6780 | D:3      | Reached * piety under Sif Muna
  7079 | D:6      | Reached skill level 1 in Invocations
  7266 | D:6      | Found a shimmering altar of Xom.
  7330 | D:6      | Reached skill level 5 in Dodging
  8280 | D:7      | Reached XP level 9. HP: 44/47 MP: 11/25
  8672 | D:7      | Reached skill level 1 in Shields
  8958 | D:8      | Noticed Maurice
  9179 | D:8      | Killed Maurice
  9629 | D:8      | Found a staircase to the Lair.
 10445 | D:9      | Reached ** piety under Sif Muna
 10817 | D:9      | Found Losogil's Distillery.
 10820 | D:9      | Bought a potion of magic for 120 gold pieces
 10820 | D:9      | Bought a potion of berserk rage for 75 gold pieces
 10820 | D:9      | Bought a potion of agility for 60 gold pieces
 10820 | D:9      | Bought a potion of brilliance for 60 gold pieces
 11304 | D:9      | Noticed Harold
 11544 | D:9      | Reached XP level 10. HP: 52/52 MP: 15/26
 11660 | D:9      | Noticed a three-headed hydra
 12743 | D:9      | Reached skill level 5 in Shields
 12747 | D:9      | Killed a three-headed hydra
 12747 | D:9      | Reached skill level 10 in Conjurations
 13067 | Lair:1   | Entered Level 1 of the Lair of Beasts
 13323 | Lair:1   | Cast into level 2 of the Abyss (a distortion unwield)
 13324 | Abyss:2  | Found a corrupted altar of Lugonu.
 13333 | Abyss:2  | Noticed a spatial maelstrom
 13449 | Abyss:2  | Noticed a mana viper
 13449 | Abyss:2  | a glowing shapeshifter changed into a mana viper
 13449 | Abyss:2  | Found a transporter.
 13450 | Abyss:2  | Noticed a worldbinder
 13450 | Abyss:2  | Noticed a thrashing horror
 13451 | Abyss:2  | Noticed a tentacled starspawn
 13451 | Abyss:2  | Found a corrupted altar of Lugonu.
 13452 | Abyss:2  | Noticed a great orb of eyes
 13452 | Abyss:2  | Noticed an orange demon
 13452 | Abyss:2  | Noticed a starcursed mass
 13452 | Abyss:2  | Noticed a starcursed mass
 13452 | Abyss:2  | Noticed a tentacled starspawn
 13452 | Abyss:2  | Noticed a worldbinder
 13452 | Abyss:2  | Noticed a faun
 13452 | Abyss:2  | a mana viper changed into a faun
 13452 | Abyss:2  | HP: 2/53 [starcursed mass/accursed screaming (8)]
 13453 | Abyss:2  | Found a transporter.
 13453 | Abyss:2  | Slain by a jumping spider

Levels and vault maps discovered:
D:1:      saegor_arrival_simple_a, layout_basic, kennysheep_minor_cross
D:2:      layout_loops_ring, serial_forest, infiniplex_forest_end_2,
          infiniplex_forest_lined_3_way, infiniplex_forest_clump_medium,
          infiniplex_forest_straight_5, infiniplex_forest_straight_4,
          infiniplex_forest_straight_1, infiniplex_forest_corner_1,
          infiniplex_forest_lined_2, serial_bayou_ford_a
D:3:      layout_basic, lemuel_round_altar, chequers_ecumenical_altar_simple,
          uniq_grinder, uniq_sigmund, uniq_jessica
D:4:      layout_basic, serial_shops, shop, first_ration
D:5:      layout_basic, minmay_temple_entry_sparse_star, serial_shops, shop,
          minmay_fountain_box, uniq_pikel, uniq_menkaure, uniq_eustachio
D:6:      layout_loops_ring, nicolae_ossuary_entry_monument,
          nicolae_lava_and_water, xom_confusion_cloud
D:7:      minmay_chambers_of_sixes, layout_loops_cross
D:8:      layout_gridville, dpeg_oklobed_lair, uniq_maurice
D:9:      layout_loops_corners, serial_shops, kennysheep_mini_moat,
          hangedman_ranch [blue_anna_fruit_fields], uniq_harold
Temple:   kilobyte_greek_temple
Lair:1:   layout_misc_corridors, basic_altar, grunt_megastairs_2,
          infiniplex_staircase_pool
Abyss:2:  base: D:8, grunt_abyss_exit_deep_breaths, gammafunk_corrupted_shrine

Skill      XL: |  1  2  3  4  5  6  7  8  9 10 |
---------------+-------------------------------+-----
Conjurations   | 2 3 4 5 6 7 9 10 | 10.2
Summonings     | 2 3 |  3.1
Spellcasting   | 5 7 10 | 10.2
Fighting       | 1 2 |  2.1
Stealth        | 3 |  3.2
Dodging        | 5 6 |  6.0
Invocations    | 3 4 |  4.1
Shields        | 4 5 |  5.5
Translocations | 2 |  2.7

Action                   |  1- 3 |  4- 6 |  7- 9 | 10-12 || total
-------------------------+-------+-------+-------+-------++-------
Melee: Dagger            |     7 |   204 |    49 |     9 ||   269
 Cast: Magic Dart        |    66 |   156 |   354 |    36 ||   612
       Call Imp          |     1 |    11 |    71 |    29 ||   112
       Mephitic Cloud    |     1 |     9 |    45 |    15 ||    70
       Conjure Flame     |       |     1 |    26 |    19 ||    46
       Blink             |       |       |     1 |     8 ||     9
Evoke: Wand              |       |       |    17 |     7 ||    24
  Use: Scroll            |       |     5 |     3 |     3 ||    11
       Potion            |       |       |     1 |       ||     1
 Stab: Sleeping          |     1 |       |       |       ||     1
       Confused          |       |     4 |     3 |     4 ||    11
       Distracted        |       |       |     1 |       ||     1
  Eat: Chunk             |       |     4 |    12 |     2 ||    18
       Ration            |       |     2 |     3 |     1 ||     6
Armor: Robe              |     3 |    10 |    40 |     7 ||    60
Dodge: Dodged            |     3 |    35 |   108 |    19 ||   165
Block: Buckler           |       |       |    15 |    10 ||    25

Table legend:
 A = Non-vault XP
 B = Vault XP
 C = Vault XP percentage of total XP
 D = Non-vault monster count
 E = Vault monster count
 F = Vault count percentage of total count
                 A         B        C        D         E       F
            +---------+---------+-------+---------+---------+-------
      Total |    3779 |    4127 |  52.2 |     158 |      24 |  13.2
            +---------+---------+-------+---------+---------+-------
        D:1 |      30 |       0 |   0.0 |      15 |       0 |   0.0
        D:2 |      86 |       0 |   0.0 |      19 |       0 |   0.0
        D:3 |     120 |     388 |  76.4 |      28 |       3 |   9.7
        D:4 |     223 |     747 |  77.0 |      19 |       2 |   9.5
        D:5 |     273 |     136 |  33.3 |      10 |       1 |   9.1
        D:6 |     406 |     122 |  23.1 |      14 |       2 |  12.5
        D:7 |     549 |     251 |  31.4 |      12 |       5 |  29.4
        D:8 |     639 |     345 |  35.1 |      16 |       1 |   5.9
        D:9 |    1139 |    1977 |  63.4 |      23 |       8 |  25.8
     Lair:1 |     314 |     161 |  33.9 |       2 |       2 |  50.0
            +---------+---------+-------+---------+---------+-------
